 Dungeon Crawl Stone Soup version 0.23-a0-395-gcf17ac6 (webtiles) character file.

13909 Cryolive the Geomancer (level 12, -4/72 HPs)
             Began as a Gargoyle Earth Elementalist on Nov 1, 2018.
             Was a Priest of Vehumet.
             Slain by a seven-headed hydra (10 damage)
             ... on level 11 of the Dungeon.
             The game lasted 00:32:12 (12107 turns).

Cryolive the Geomancer (GrEE)                      Turns: 12107, Time: 00:32:13

Health: -4/72      AC: 18    Str: 17    XL:     12   Next: 11%
Magic:  13/21      EV: 15    Int: 25    God:    Vehumet [***...]
Gold:   811        SH:  0    Dex: 13    Spells: 12/24 levels left

rFire    x . .     SeeInvis .   u - +0 flail
rCold    + . .     Gourm    .   (no shield)
rNeg     + . .     Faith    .   M - +1 robe {MR+}
rPois    ∞         Spirit   .   y - +2 helmet
rElec    +         Reflect  .   f - +2 cloak
rCorr    .         Harm     .   (no gloves)
MR       +....                  (no boots)
Stlth    +.........             m - amulet of regeneration
HPRegen  0.62/turn              a - +4 ring of intelligence
MPRegen  0.17/turn              L - ring of the King {Ice rPois Str+5 Dex+3 Stlth-}

@: no status effects
A: negative energy resistance 1, electricity resistance, unbreathing,
petrification resistance, rot immunity, AC +8
a: Renounce Religion


You were on level 11 of the Dungeon.
You worshipped Vehumet.
Vehumet was most pleased with you.
You were not hungry.

You visited 2 branches of the dungeon, and saw 12 of its levels.

You collected 811 gold pieces.

Inventory:

Hand Weapons
 u - a +0 flail (weapon)
Missiles
 b - 82 stones (quivered)
Armour
 f - a +2 cloak (worn)
 y - a +2 helmet (worn)
 F - the cursed +0 ring mail of Impatience {Int+3, unknown}
   (You found it on level 8 of the Dungeon)

   It affects your intelligence (+3).
   It has a curse placed upon it.
 M - a +1 robe of magic resistance (worn)
Jewellery
 a - a +4 ring of intelligence (left hand)
 m - an amulet of regeneration (around neck)
 o - an uncursed amulet of faith
 L - the ring of the King (right hand) {Ice rPois Str+5 Dex+3 Stlth-}
   (You found it on level 10 of the Dungeon)

   [ring of ice]

   It enhances your ice magic.
   It affects your strength (+5).
   It affects your dexterity (+3).
   It makes you vulnerable to fire.
   It protects you from cold.
   It protects you from poison.
   It makes you less stealthy.
Wands
 c - a wand of enslavement (5)
 x - a wand of digging (11)
 z - a wand of flame (35)
 H - a wand of polymorph (14)
 J - a wand of random effects (21)
 N - a wand of iceblast (8)
Scrolls
 g - 5 scrolls of teleportation
 h - 2 scrolls of amnesia
 i - 3 scrolls of noise
 j - 3 scrolls of fear
 l - a scroll of magic mapping
 n - 2 scrolls of immolation {unknown}
 q - 3 scrolls of fog
 r - 3 scrolls of remove curse
 t - a scroll of enchant weapon {unknown}
 A - 2 scrolls of holy word {unknown}
 D - a scroll of summoning {unknown}
 E - 4 scrolls of identify
 G - a scroll of enchant armour {unknown}
 I - 2 scrolls of blinking {unknown}
Potions
 e - a potion of invisibility
 k - 5 potions of curing
 p - 4 potions of flight
 s - 3 potions of agility
 v - 2 potions of haste
 w - a potion of heal wounds
 B - 2 potions of ambrosia {unknown}
 C - a potion of mutation {unknown}
 K - 5 potions of degeneration {unknown}
Comestibles
 d - 29 rations


   Skills:
 + Level 7.4 Fighting
 - Level 6.0 Armour
 + Level 5.9 Dodging
 - Level 2.1 Stealth
 + Level 6.6 Spellcasting
 + Level 7.2 Conjurations
   Level 0.7 Transmutations
 * Level 8.4 Fire Magic
 + Level 9.1 Earth Magic
 + Level 5.3 Evocations


You had 12 spell levels left.
You knew the following spells:

 Your Spells              Type           Power        Failure   Level  Hunger
a - Sandblast             Erth           ######       1%          1    None
b - Stone Arrow           Conj/Erth      #####.       1%          3    None
c - Lee's Rapid Deconstr  Erth           ######....   1%          5    #####..
d - Conjure Flame         Conj/Fire      #####...     1%          3    None

Your spell library contained the following spells:

 Spells                   Type           Power        Failure   Level  Hunger
 Airstrike                Air            #.........   17%         4    ###....
 Freeze                   Ice            ##..         1%          1    None
 Magic Dart               Conj           ####         1%          1    None
 Passwall                 Tmut/Erth      ####....     1%          2    None
 Throw Frost              Conj/Ice       #####.       1%          2    None
 Mephitic Cloud           Conj/Pois/Air  ###.....     2%          3    None
 Throw Icicle             Conj/Ice       #####...     4%          4    ###....
 Animate Skeleton         Necr           N/A          7%          1    None
 Apportation              Tloc           #.....       7%          1    None
 Confusing Touch          Hex            #.....       7%          1    None
 Summon Small Mammal      Summ           #...         7%          1    None
 Petrify                  Tmut/Erth      ####....     9%          4    ###....
 Blink                    Tloc           N/A          11%         2    None
 Call Imp                 Summ           #.......     11%         2    None
 Slow                     Hex            #.......     11%         2    None
 Ozocubu's Armour         Chrm/Ice       ##......     22%         3    None
 Summon Ice Beast         Ice/Summ       ##......     56%         4    ###....


Dungeon Overview and Level Annotations

Branches:
Dungeon (11/15)            Temple (1/1) D:6            Lair (0/6) D:9
    Orc (0/2) D:10

Altars:
Cheibriados
Dithmenos
Fedhas
Gozag
Hepliaklqana
Kikubaaqudgha
Makhleb
Nemelex Xobeh
Okawaru
Qazlal
Ru
Sif Muna
Uskayaw
Vehumet
Wu Jian
Xom
Yredelemnul
Zin

Shops:
D:7 }

Portals:
Labyrinth: D:11

Annotations:
D:2 1 runed door, Sigmund


Innate Abilities, Weirdness & Mutations

You are resistant to torment.
Your stone body is resilient. (AC +8)
You are immune to poison.
You resist negative energy. (rN+)
You are resistant to electric shocks. (rElec)
You can survive without breathing.
You are immune to petrification.
You are immune to rotting.


Message History

The seven-headed hydra bites you!
* * * LOW HITPOINT WARNING * * *
The seven-headed hydra bites you!
* * * LOW HITPOINT WARNING * * *
The seven-headed hydra closely misses you.
An orc priest comes into view. It is wielding a +0 whip.
The manticore completely misses you. The manticore barely misses you.
The manticore claws you but does no damage.
Casting: Stone Arrow (safe; 1% risk of failure)
Confirm with . or Enter, or press ? or * to list all spells.
Aiming: Stone Arrow (safe; 1% risk of failure)
Press: ? - help, Shift-Dir - straight line, f/p - manticore
Aim: a manticore (almost dead)
The stone arrow hits the manticore.
You kill the manticore!
Vehumet accepts your kill.
You feel your power returning.
The seven-headed hydra bites you but does no damage.
The seven-headed hydra bites you!
You die...

*,,,,,......,* *,* ******#....#,*
****,* #....#,*## *,,,,,
#....#,,.# ****,*,**
******####..<.###.# *,,,,*,*
,,,,,,....o.......# *,**,,,*
##########...o....######*,**,****
...............oD..>....,,**,,,,*
##############.o@∩#.###********,*
#..J##,,,,,,,,,,,*,,
*#.....,,,*******,***
#........,,**,,,,,*
#.........,**,*****
#.##......,**,***
#.*#......,,,,,,*
#.,.......#****,** ****,,*,***
*,,*


You could see a seven-headed hydra, a jelly, 2 orc priests and 2 orcs.

Vanquished Creatures
  Snorg (D:10)
  A hydra (D:9)
  Erica (D:10)
  A two-headed ogre (D:10)
  An unseen horror (D:11)
  A cyclops (D:10)
  A manticore (D:11)
  A gargoyle (D:10)
  3 trolls
  2 hippogriffs
  10 yaks
  A shadow (D:11)
  A wyvern (D:9)
  A basilisk (D:9)
  A hungry ghost (D:9)
  A water moccasin (D:11)
  A porcupine (D:9)
  2 sky beasts
  7 orc warriors
  3 necrophages (D:8)
  An ice beast (D:5)
  2 phantoms (D:7)
  6 ogres
  9 centaurs
  2 crocodiles (D:9)
  6 big kobolds
  A gnoll sergeant (D:10)
  6 bullfrogs
  3 scorpions
  A wyvern skeleton (D:6)
  4 killer bees (D:10)
  5 wights (D:8)
  4 electric eels (D:10)
  6 crimson imps
  A howler monkey (D:7)
  2 centaur zombies (D:8)
  5 orc priests
  14 orc wizards
  3 bullfrog skeletons
  3 centaur skeletons
  7 hounds
  5 jellies
  7 worker ants
  Natasha (thrice) (D:2)
  Terence (D:2)
  4 iguanas
  A hound zombie (D:6)
  A mummy (D:8)
  2 worker ant zombies
  4 gnolls (D:10)
  7 adders
  A shadow imp (D:9)
  2 oozes
  3 adder skeletons
  A worm (D:3)
  4 dart slugs
  8 leopard geckos
  27 orcs
  6 bats
  2 giant cockroaches
  2 goblins (D:1)
  5 hobgoblins
  15 jackals
  25 kobolds
  7 quokkas
  3 ball pythons
  A frilled lizard (D:2)
  A leopard gecko zombie (D:8)
  A quokka zombie (D:9)
  6 rats
287 creatures vanquished.

Vanquished Creatures (others)
  A bush (D:9)
  2 fungi (D:9)
  37 plants
40 creatures vanquished.

Grand Total: 327 creatures vanquished

Notes
Turn   | Place    | Note
-------+----------+-------------------------------------------
     0 | D:1      | Cryolive the Gargoyle Earth Elementalist began the quest
                  | for the Orb.
     0 | D:1      | Reached XP level 1. HP: 10/10 MP: 3/3
   283 | D:1      | Reached XP level 2. HP: 13/16 MP: 5/5
   538 | D:1      | Reached skill level 1 in Fighting
   538 | D:1      | Reached skill level 1 in Armour
   541 | D:1      | Reached XP level 3. HP: 4/20 MP: 0/6
   547 | D:1      | Learned a level 3 spell: Stone Arrow
  1012 | D:1      | Reached skill level 4 in Earth Magic
  1565 | D:2      | Found a shadowy altar of Dithmenos.
  1685 | D:2      | Noticed Natasha
  1691 | D:2      | Killed Natasha
  1691 | D:2      | Reached XP level 4. HP: 23/25 MP: 1/7
  1855 | D:2      | Reached skill level 1 in Conjurations
  1866 | D:2      | Noticed Natasha
  1872 | D:2      | Killed Natasha
  1872 | D:2      | Reached XP level 5. HP: 30/30 MP: 3/8
  1887 | D:2      | You fall through a shaft!
  1889 | D:3      | Found a sparkling altar of Nemelex Xobeh.
  1984 | D:3      | Found an opulent altar of Gozag.
  2146 | D:2      | Noticed Terence
  2166 | D:2      | Killed Terence
  2421 | D:2      | Noticed Sigmund
  2422 | D:2      | Noticed Natasha
  2445 | D:2      | Killed Natasha
  2595 | D:2      | Found a runed door.
  2889 | D:3      | Reached XP level 6. HP: 18/36 MP: 1/10
  3108 | D:3      | Found a sacrificial altar of Ru.
  3125 | D:3      | Found an ancient bone altar of Kikubaaqudgha.
  3861 | D:4      | Learned a level 5 spell: Lee's Rapid Deconstruction
  3953 | D:4      | Found a basalt altar of Yredelemnul.
  4211 | D:4      | Found a snail-covered altar of Cheibriados.
  4612 | D:5      | Entered Level 5 of the Dungeon
  4630 | D:5      | Noticed an ice beast
  4633 | D:5      | Killed an ice beast
  4633 | D:5      | Reached skill level 5 in Earth Magic
  4633 | D:5      | Reached XP level 7. HP: 40/40 MP: 1/11
  4758 | D:5      | Found a hazy altar of Hepliaklqana.
  5226 | D:6      | Found a shimmering altar of Xom.
  5456 | D:6      | Learned a level 3 spell: Conjure Flame
  5506 | D:6      | Reached skill level 1 in Fire Magic
  5506 | D:6      | Reached XP level 8. HP: 34/47 MP: 13/13
  5658 | D:6      | Reached skill level 1 in Evocations
  5845 | D:6      | You fall through a shaft for 3 floors!
  5845 | D:9      | Noticed a five-headed hydra
  5867 | D:10     | Entered Level 10 of the Dungeon
  5883 | D:10     | Reached skill level 6 in Earth Magic
  5987 | D:9      | Noticed a wyvern
  5987 | D:9      | Noticed a hippogriff
  5994 | D:9      | Noticed a troll
  6099 | D:8      | Found a shimmering altar of Xom.
  6288 | D:8      | Reached XP level 9. HP: 44/52 MP: 5/15
  6856 | D:6      | Found a staircase to the Ecumenical Temple.
  6861 | Temple   | Entered the Ecumenical Temple
  6908 | Temple   | Became a worshipper of Vehumet
  7115 | D:7      | HP: 1/53 [centaur skeleton (4)]
  7234 | D:7      | Reached skill level 5 in Fighting
  7234 | D:7      | Reached skill level 5 in Armour
  7344 | D:7      | Reached * piety under Vehumet
  7344 | D:7      | Offered knowledge of Sting by Vehumet.
  7371 | D:7      | Reached skill level 7 in Earth Magic
  7468 | D:7      | Found Ossorusa's Gadget Shoppe.
  7655 | D:8      | Got a distressingly furry ring mail
  7673 | D:8      | Reached skill level 5 in Conjurations
  7729 | D:8      | Reached XP level 10. HP: 59/59 MP: 10/17
  7949 | D:8      | Reached skill level 5 in Spellcasting
  8027 | D:8      | Found a blossoming altar of Fedhas.
  8085 | D:9      | Reached skill level 5 in Fire Magic
  8359 | D:9      | Killed a five-headed hydra
  8813 | D:9      | Reached ** piety under Vehumet
  8813 | D:9      | Offered knowledge of Throw Flame by Vehumet.
  9178 | D:9      | Reached skill level 5 in Dodging
  9282 | D:9      | Reached skill level 8 in Earth Magic
  9479 | D:9      | Reached XP level 11. HP: 64/64 MP: 9/19
  9502 | D:9      | Found a staircase to the Lair.
 10055 | D:10     | Found a staircase to the Orcish Mines.
 10164 | D:10     | Got a steaming granite ring
 10165 | D:10     | Identified the ring of the King {Ice rPois Str+5 Dex+3
                  | Stlth-} (You found it on level 10 of the Dungeon)
 10199 | D:10     | Noticed a cyclops
 10340 | D:10     | Offered knowledge of Ignite Poison by Vehumet.
 10449 | D:10     | Killed a cyclops
 10596 | D:10     | Reached *** piety under Vehumet
 10910 | D:10     | Noticed Snorg
 10963 | D:10     | Killed Snorg
 11210 | D:10     | Noticed a two-headed ogre
 11217 | D:10     | Killed a two-headed ogre
 11311 | D:10     | Noticed Erica
 11347 | D:10     | Killed Erica
 11347 | D:10     | Reached skill level 5 in Evocations
 11851 | D:11     | Offered knowledge of Airstrike by Vehumet.
 11851 | D:11     | Reached skill level 9 in Earth Magic
 11856 | D:10     | Reached XP level 12. HP: 43/72 MP: 2/21
 12096 | D:11     | Found a labyrinth entrance.
 12098 | D:11     | Noticed a seven-headed hydra
 12107 | D:11     | Slain by a seven-headed hydra

Vault maps used:
D:1:      dpeg_arrival_arbitrary_c, minmay_heptomino_o4
D:2:      lemuel_crystal_altar, uniq_terence, uniq_crazy_yiuf_cottage,
          uniq_sigmund, uniq_natasha
D:3:      nicolae_overflow_hidden_temple, nicolae_overflow_crystal_walls,
          minitemple
D:4:      kennysheep_slug_shrine, lemuel_crystal_altar, minivault_11
D:5:      first_ration, basic_altar
D:6:      minmay_temple_entry_nine_rooms, xom_teletrap_fun
D:7:      nicolae_ossuary_entry_ruins, serial_shops, kennysheep_mini
D:8:      lemuel_crystal_altar, serial_undead, serial_undead_c, serial_undead_a,
          serial_undead_d, serial_undead_c, serial_undead_c,
          minmay_statues_item, serial_bayou_pond_c, fedhas_altar_fruit_tree
D:9:      minmay_lair_entry_grove, enter_bailey_2, blue_anna_alchemist,
          minivault_22, minivault_20
D:10:     wad_lake_hut, lightli_minifort, uniq_erica, uniq_snorg
D:11:     lab_entry_generic, lightli_elemental_guards
Temple:   jpeg_temple_clearing

Skill      XL: |  1  2  3  4  5  6  7  8  9 10 11 |
---------------+----------------------------------+-----
Fighting       | 1 2 3 4 5 6 7 |  7.4
Armour         | 1 2 3 4 5 6 |  6.0
Earth Magic    | 4 5 6 7 8 9 |  9.1
Dodging        | 2 3 4 5 |  5.9
Conjurations   | 1 2 3 4 5 6 7 |  7.2
Spellcasting   | 3 4 5 6 |  6.6
Fire Magic     | 1 3 4 6 8 |  8.4
Evocations     | 1 3 4 5 |  5.3
Stealth        | |  2.1
Transmutations | |  0.7

Action                   |  1- 3 |  4- 6 |  7- 9 | 10-12 || total
-------------------------+-------+-------+-------+-------++-------
Melee: Unarmed           |    28 |       |       |       ||    28
       Dagger            |   121 |       |       |       ||   121
       Mace              |    17 |    56 |       |       ||    73
       Flail             |       |    96 |   549 |   352 ||   997
 Cast: Sandblast         |    13 |    10 |    70 |    61 ||   154
       Stone Arrow       |       |    14 |    22 |   154 ||   190
       Lee's Rapid Decon |       |       |       |     3 ||     3
  Use: Scroll            |       |       |    12 |     3 ||    15
 Stab: Sleeping          |     2 |     5 |     6 |       ||    13
  Eat: Chunk             |     2 |    12 |    12 |    21 ||    47
Armor: Robe              |    88 |    74 |   328 |   368 ||   858
Dodge: Dodged            |   136 |   100 |   575 |   581 ||  1392

Table legend:
 A = Non-vault XP
 B = Vault XP
 C = Vault XP percentage of total XP
 D = Non-vault monster count
 E = Vault monster count
 F = Vault count percentage of total count
                 A         B        C        D         E       F
            +---------+---------+-------+---------+---------+-------
      Total |   14202 |    5668 |  28.5 |     250 |      37 |  12.9
            +---------+---------+-------+---------+---------+-------
        D:1 |      48 |       8 |  14.3 |      23 |       4 |  14.8
        D:2 |     119 |      72 |  37.7 |      19 |       2 |   9.5
        D:3 |     184 |       0 |   0.0 |      15 |       0 |   0.0
        D:4 |      91 |       4 |   4.2 |       9 |       1 |  10.0
        D:5 |     324 |       0 |   0.0 |      17 |       0 |   0.0
        D:6 |    1100 |       0 |   0.0 |      23 |       0 |   0.0
        D:7 |    1547 |       0 |   0.0 |      38 |       0 |   0.0
        D:8 |     599 |    1420 |  70.3 |      11 |      15 |  57.7
        D:9 |    3555 |    1565 |  30.6 |      35 |      12 |  25.5
       D:10 |    4816 |    2599 |  35.1 |      53 |       3 |   5.4
       D:11 |    1819 |       0 |   0.0 |       7 |       0 |   0.0
            +---------+---------+-------+---------+---------+-------
